 Dungeon Crawl Stone Soup version 0.31-a0-1-g4198be8af4 (webtiles) character file.

Game seed: 13747184969195242050

5865 Lobster4 the Protected (level 11, -23/79 HPs)
             Began as a Djinni Gladiator on May 3, 2023.
             Was a Follower of Makhleb.
             Killed from afar by an acid dragon (36 damage)
             ... with a splash of acid
             ... on level 9 of the Dungeon.
             The game lasted 00:32:23 (10835 turns).

Lobster4 the Protected (Djinni Gladiator)          Turns: 10835, Time: 00:32:24

Health: -23/79     AC:  0    Str: 13    XL:     11   Next: 8%
Gold:   713        EV: 19    Int: 14    God:    Makhleb [*.....] SH:  0 Dex: 15

rFire   + + .        a - +2 trident (protect)
rCold   x . .        (no shield)
rNeg    . . .        P - +0 ring mail
rPois   ∞            c - +1 helmet
rElec   .            E - +1 cloak
rCorr   .            (no gloves)
SInv    .            (boots unavailable)
Will    +....        (no amulet)
Stlth   +            h - +5 ring of evasion
HPRegen 0.33/turn    (no ring)
MPRegen 0.00/turn

%: infuse magic (-24 HP)
@: about to teleport, corroded, flying, studying Armour
A: sickness immunity, fire resistance 2, cold vulnerability 1, float, innate
caster, HP casting, extra vitality 1
a: Renounce Religion


You were on level 9 of the Dungeon.
You worshipped Makhleb.
Makhleb was aware of your devotion.
You visited 2 branches of the dungeon, and saw 10 of its levels.
You also visited: Ossuary.

You collected 713 gold pieces.

Inventory:

Hand Weapons
 a - a +2 trident of protection (weapon)
 o - a +0 rapier
 t - a +0 longbow
 x - a +3 mace
 B - a +0 sling
 C - a +1 antimagic trident
 I - a +0 trident of venom
Missiles
 d - a throwing net
 e - a javelin
 j - a curare-tipped dart
 k - 106 stones
 m - 12 poisoned darts (quivered)
 M - 6 boomerangs
 N - 5 boomerangs of dispersal
Armour
 b - a +0 leather armour
 c - a +1 helmet (worn)
 E - a +1 cloak (worn)
 J - a +0 buckler
 P - a +0 ring mail (worn)
Jewellery
 f - a +6 ring of dexterity
 h - a +5 ring of evasion (left hand)
Wands
 q - a wand of light (1)
 s - a wand of charming (15)
 y - a wand of iceblast (9)
 K - a wand of digging (7)
 O - a wand of flame (13)
Scrolls
 l - a scroll of amnesia {unknown}
 p - 5 scrolls of enchant weapon
 r - a scroll of brand weapon
 v - 2 scrolls of noise {unknown}
 w - 2 scrolls of blinking {unknown}
 A - a scroll of magic mapping
 D - 2 scrolls of teleportation
 L - a scroll of immolation {unknown}
 Q - a scroll of fear {unknown}
 R - a scroll of enchant armour
Potions
 g - 2 potions of might
 i - 3 potions of curing
 n - a potion of ambrosia
 u - 2 potions of resistance
 z - 2 potions of mutation
 F - 2 potions of degeneration
 G - a potion of invisibility {unknown}
 H - a potion of berserk rage


   Skills:
 + Level 7.2 Fighting
 - Level 5.0 Polearms
 - Level 2.0 Throwing
 + Level 9.7 Armour
 + Level 8.3 Dodging
 + Level 3.9 Shields
 + Level 5.3 Spellcasting
 - Level 3.0 Evocations


You knew the following spells:

 Your Spells              Type           Power      Damage    Failure   Level
a - Animate Dead          Necr           18%        N/A       34%         4
b - Scorch                Fire           36%        2d6       5%          2
c - Static Discharge      Conj/Air       36%        2-4/arc   5%          2
d - Metabolic Englaciati  Hex/Ice        9%         N/A       69%         5
o - Apportation           Tloc           36%        N/A       3%          1
Your spell library was empty.

Dungeon Overview and Level Annotations

Branches:
Dungeon (9/15)             Temple (1/1) D:4            Lair (0/5) D:9
    Orc (0/2) D:9         Ossuary (visited)

Altars:
Ashenzari
Cheibriados
Dithmenos
Elyvilon
Fedhas
Gozag
Hepliaklqana
Makhleb
Nemelex Xobeh
Okawaru
Qazlal
Ru
Trog
Uskayaw
Wu Jian
Xom
Yredelemnul
Zin
The Shining One

Shops:
D:3 :


Innate Abilities, Weirdness & Mutations

You are immune to sickness and miasma.
You are immune to poison.
Your flesh is very heat resistant. (rF++)
You are vulnerable to cold. (rC-)
You float through the air rather than walking.
You learn spells naturally, not from books.
Your magical power is your life essence.
You have superior vitality. (+4 MHP)


Message History

The acid dragon bites you. The acid dragon misses you.
You hit the acid dragon but do no damage.
The acid dragon is heavily wounded.
The acid dragon closely misses you.
The acid dragon claws you but does no damage.
You hit the acid dragon but do no damage.
The acid dragon is heavily wounded.
The acid dragon spits acid at you. The splash of acid hits you!!
The acid corrodes you!
You closely miss the acid dragon.
The acid dragon is heavily wounded.
The acid dragon completely misses you. The acid dragon barely misses you.
You closely miss the acid dragon.
The acid dragon is heavily wounded.
The acid dragon barely misses you. x2
You barely miss the acid dragon.
The acid dragon is heavily wounded.
The acid dragon bites you! The acid dragon claws you.
You barely miss the acid dragon.
The acid dragon is heavily wounded.
The acid dragon completely misses you. The acid dragon misses you.
You closely miss the acid dragon.
The acid dragon is heavily wounded.
The acid dragon completely misses you. The acid dragon barely misses you.
You closely miss the acid dragon.
The acid dragon is heavily wounded.
The acid dragon spits acid at you. The splash of acid hits you!!
* * * LOW HITPOINT WARNING * * *
As you read the scroll of teleportation, it crumbles to dust.
You feel strangely unstable. The acid dragon misses you.
The acid dragon barely misses you.
You feel better. The acid dragon bites you.
* * * LOW HITPOINT WARNING * * *
The acid dragon claws you.
* * * LOW HITPOINT WARNING * * *
You feel better. The acid dragon spits acid at you.
The splash of acid hits you!!!
You die...

.### ...# ##'###
####+## #....#
#.....# #....###
#.....#
#....'.#######.....#
'....#.......+.....#
#....#########..D..#
#....# ###@# #....#
#...# #....# #.###
##'### #.# ##.#
#####'#### ...#
#........# .###
#........# .#
#........# .#
#........#


You could see an acid dragon (catching breath).

Vanquished Creatures
  A komodo dragon (D:9)
  A hornet (D:9)
  A wyvern (D:8)
  Eustachio (D:5)
  2 steam dragons
  Menkaure (D:7)
  3 water moccasins
  Duvessa (D:7)
  3 sky beasts
  8 orc warriors
  2 ogres
  A centaur (D:9)
  3 phantoms
  2 bullfrogs
  2 kobold brigands
  2 gnoll sergeants
  2 scorpions
  6 water moccasin zombies
  5 wights (D:8)
  Dowan (D:7)
  A water moccasin skeleton (D:5)
  5 killer bees
  2 howler monkeys (D:6)
  2 bullfrog zombies (D:5)
  2 centaur zombies (D:5)
  3 hounds
  2 jellies
  5 orc priests
  A centaur skeleton (D:5)
  A gnoll bouda (D:7)
  2 sleepcaps
  An iguana (D:5)
  7 orc wizards
  A hound zombie (D:5)
  2 mummies (Ossuary)
  7 gnolls
  9 adders
  A shadow imp (D:7)
  A white imp (D:7)
  2 adder zombies (Ossuary)
  A worm (D:5)
  50 orcs
  7 bats
  4 endoplasms
  4 giant cockroaches
  A gnoll zombie (Ossuary)
  4 hobgoblins
  3 quokkas
  4 ball pythons (D:2)
  4 frilled lizards
  11 goblins
  7 hobgoblin zombies (Ossuary)
  20 kobolds
  4 kobold zombies (Ossuary)
  6 orc zombies (Ossuary)
  2 rats
  A spectral kobold (D:7)
238 creatures vanquished.

Vanquished Creatures (others)
  Maurice (D:9)
  3 plants (D:9)
  5 withered plants (D:5)
9 creatures vanquished.

Grand Total: 247 creatures vanquished

Notes
Turn   | Place    | Note
-------+----------+-------------------------------------------
     0 | D:1      | Lobster4 the Djinni Gladiator began the quest for the Orb.
     0 | D:1      | Reached XP level 1. HP: 18/18 MP: 0/0
   126 | D:1      | Reached XP level 2. HP: 23/23 MP: 0/0
   316 | D:1      | Reached XP level 3. HP: 28/28 MP: 0/0
   316 | D:1      | Learned a level 1 spell: Apportation
   959 | D:2      | Reached skill level 1 in Armour
   976 | D:2      | Reached XP level 4. HP: 32/34 MP: 0/0
  1367 | D:3      | Reached skill level 1 in Spellcasting
  2090 | D:3      | Identified a scroll of acquirement
  2090 | D:3      | Acquired a manual of Armour
  2151 | D:3      | Found Ikitinio's Book Emporium.
  2173 | D:3      | Reached XP level 5. HP: 25/39 MP: 0/0
  2173 | D:3      | Learned a level 2 spell: Static Discharge
  2383 | D:3      | Found a shimmering altar of Xom.
  2386 | D:3      | Found a basalt altar of Yredelemnul.
  2388 | D:3      | Found a snail-covered altar of Cheibriados.
  2758 | D:4      | Reached skill level 2 in Armour
  2761 | D:4      | Reached skill level 1 in Evocations
  2761 | D:4      | Reached XP level 6. HP: 41/45 MP: 0/0
  2786 | D:4      | Found a staircase to the Ecumenical Temple.
  2798 | Temple   | Entered the Ecumenical Temple
  3266 | D:5      | Entered Level 5 of the Dungeon
  3343 | D:5      | Found an iron altar of Okawaru.
  3357 | D:5      | Reached skill level 3 in Armour
  3357 | D:5      | Reached XP level 7. HP: 47/50 MP: 0/0
  3357 | D:5      | Learned a level 2 spell: Scorch
  3610 | D:5      | Reached skill level 4 in Armour
  3699 | D:5      | Reached XP level 8. HP: 50/58 MP: 0/0
  3751 | D:5      | Found a stormy altar of Qazlal.
  3784 | D:5      | Reached skill level 5 in Dodging
  3812 | D:5      | Found a white marble altar of Elyvilon.
  4151 | D:5      | Reached skill level 5 in Armour
  4399 | D:5      | Noticed Eustachio
  4494 | D:5      | Killed Eustachio
  4806 | D:6      | Found a sparkling altar of Nemelex Xobeh.
  4820 | D:6      | Reached XP level 9. HP: 55/63 MP: 0/0
  4820 | D:6      | Learned a level 4 spell: Animate Dead
  4970 | D:6      | Reached skill level 6 in Armour
  5023 | D:6      | Reached skill level 5 in Fighting
  6122 | D:7      | Noticed Dowan
  6123 | D:7      | Noticed Duvessa
  6133 | D:7      | Killed Dowan
  6156 | D:7      | Killed Duvessa
  6180 | D:7      | Found a sand-covered staircase.
  6313 | Ossuary  | Entered an ossuary
  6357 | Ossuary  | Reached skill level 5 in Polearms
  6389 | Ossuary  | Reached skill level 7 in Armour
  6797 | D:7      | Found a hazy altar of Hepliaklqana.
  7090 | D:7      | Reached XP level 10. HP: 51/72 MP: 0/0
  7221 | D:7      | Noticed Menkaure
  7465 | D:7      | Killed Menkaure
  7466 | D:7      | Reached skill level 8 in Armour
  7466 | D:7      | Reached skill level 1 in Shields
  7628 | D:8      | Found a hide-covered altar of Uskayaw.
  7796 | D:8      | Found a burning altar of Makhleb.
  7806 | D:8      | Became a worshipper of Makhleb the Destroyer
  8287 | D:8      | Found a glowing golden altar of the Shining One.
  8629 | D:8      | Found an ornate altar of the Wu Jian Council.
  9345 | D:9      | Noticed Maurice
  9359 | D:9      | Killed Maurice
  9360 | D:9      | Reached skill level 9 in Armour
  9360 | D:9      | Reached skill level 5 in Spellcasting
  9554 | D:9      | Reached * piety under Makhleb
  9650 | D:9      | Found an opulent altar of Gozag.
  9733 | D:9      | Found a staircase to the Orcish Mines.
  9852 | D:9      | Found a blossoming altar of Fedhas.
 10075 | D:9      | HP: 3/75 [orc warrior/+0 flail (13)]
 10259 | D:9      | Noticed a komodo dragon
 10289 | D:9      | Reached XP level 11. HP: 79/79 MP: 0/0
 10289 | D:9      | Learned a level 5 spell: Metabolic Englaciation
 10465 | D:9      | Found a staircase to the Lair.
 10835 | D:9      | Killed from afar by an acid dragon

Illustrated notes

Levels and vault maps discovered:
D:1:      sevenhm_arrival_forest_fort_small_4, layout_loops_ring
D:2:      layout_loops_ring
D:3:      layout_basic, grunt_temple_overflow_diamond, serial_shops,
          nicolae_shop_advertising_works [nicolae_subvault_shop_adworks]
D:4:      layout_basic, minmay_temple_entry_large_hall, reono_crystal_passage,
          minmay_door_square, kennysheep_cluttered_room
D:5:      layout_cave_pools, elyvilon_altar_1, nicolae_qazlal_general_emergency,
          okawaru_metal_pillars_1_2, serial_undead, serial_undead_f,
          serial_undead_b, serial_undead_b, serial_undead_c, serial_undead_b,
          serial_undead_f, serial_undead_b, uniq_eustachio
D:6:      layout_loops_corners, mainiacjoe_overflow_concentric_impassable,
          kennysheep_generic_room_3
D:7:      layout_rooms, nicolae_hepliaklqana_monster_ancestors, enter_ossuary_2,
          minmay_quadrilaterals, uniq_menkaure, uniq_duvessa
D:8:      layout_basic, nicolae_uskayaw_dance_hall, nzn_wu_jian_contemplation,
          nicolae_sif_muna_little_library, nicolae_tso_carved_into_rock,
          mainiacjoe_overflow_small_starburst
D:9:      layout_roguey, fedhas_bush_and_centaur_altar,
          nicolae_overflow_crystal_walls, david_lair_shrubbed, orc_david_3,
          uniq_maurice
Temple:   hellmonk_temple_two_chambers

Skill      XL: |  1  2  3  4  5  6  7  8  9 10 |
---------------+-------------------------------+-----
Armour         | 1 2 3 4 5 7 9 |  9.7
Throwing       | 2 |  2.0
Spellcasting   | 1 2 3 4 5 |  5.3
Polearms       | 3 4 5 |  5.0
Dodging        | 4 5 6 8 |  8.3
Evocations     | 1 2 3 |  3.0
Fighting       | 3 4 5 7 |  7.2
Shields        | 3 |  3.9

Action                     |  1- 3 |  4- 6 |  7- 9 | 10-12 || total
---------------------------+-------+-------+-------+-------++-------
  Melee: Trident           |    61 |   227 |   535 |   427 ||  1250
         Punch             |       |     1 |     4 |     5 ||    10
  Throw: Javelin           |       |     2 |       |       ||     2
         Throwing net      |       |     2 |     2 |       ||     4
         Dart              |       |       |     5 |     7 ||    12
   Cast: Scorch            |       |       |    15 |    34 ||    49
  Evoke: Wand              |       |       |     4 |     1 ||     5
    Use: Scroll            |       |    13 |     7 |     4 ||    24
         Potion            |       |       |     3 |     9 ||    12
   Stab: Sleeping          |     5 |     1 |     1 |       ||     7
         Distracted        |       |       |     1 |       ||     1
 Armour: Leather armour    |    14 |    95 |   174 |    35 ||   318
         Ring mail         |       |       |       |    83 ||    83
  Dodge: Dodged            |    29 |   146 |   331 |   458 ||   964

Table legend: (Time is in decaauts)
 A = Elapsed time spent in this place.
 B = Non-inter-level travel time spent in this place.
 C = Inter-level travel time spent in this place.
 D = Time resting spent in this place.
 E = Time spent auto-exploring this place.
 F = Levels seen in this place.
 G = Mean time per level.
                   A        B        C        D        E       F      G
               +--------+--------+--------+--------+--------+-----+--------+
         Total |  10919 |  10521 |    398 |   1391 |   6447 |  11 |  992.6 |
       Dungeon |  10659 |  10265 |    394 |   1391 |   6366 |   9 | 1184.3 |
        Temple |     20 |     16 |      4 |      0 |     14 |   1 |   20.0 |
       Ossuary |    239 |    239 |      0 |      0 |     67 |   1 |  239.0 |
               +--------+--------+--------+--------+--------+-----+--------+

Top non-repeatable levels by time:
     D:9: 1672 daAuts
     D:6: 1625 daAuts
     D:8: 1574 daAuts
     D:7: 1165 daAuts
     D:5: 1152 daAuts
     D:3: 1115 daAuts
     D:4: 958 daAuts
     D:2: 725 daAuts
     D:1: 670 daAuts
 Ossuary: 239 daAuts
  Temple: 20 daAuts
